[Event "*** Titled Tuesday Blitz"]
[Site "Chess.com"]
[Date "2020.11.24"]
[Round "4"]
[White "Nuvas"]
[Black "nicolevalladar"]
[Result "1/2-1/2"]
[WhiteElo "2419"]
[BlackElo "1594"]
[TimeControl "180+1"]
[EndTime "10:54:22 PST"]
[Termination "Game drawn by repetition"]

1. d4 d5 2. c4 e6 3. Nc3 Nf6 4.
cxd5 exd5 5. Bg5 Bb4 6. e3 c6 7.
Bd3 O-O 8. Ne2 h6 9. Bh4 Nbd7 10.
O-O Re8 11. h3 Nf8 12. a3 Bd6 13. b4 Ng6 14. Bg3 Nh5 15. Bxd6 Qxd6 16. b5 Nh4 17. bxc6 Bxh3 18. gxh3 Qe6 19. Kh2 Nf3+ 20. Kg2 Nh4+ 21.
Kh2 Nf3+ 22. Kg2 Nh4+ 23. Kh2 1/2-1/2

[Event "*** Titled Tuesday Blitz"]
[Site "Chess.com"]
[Date "2020.11.24"]
[Round "4"]
[White "OK97"]
[Black "SantoBlue"]
[Result "1/2-1/2"]
[WhiteElo "2775"]
[BlackElo "2899"]
[TimeControl "180+1"]
[EndTime "10:54:23 PST"]
[Termination "Game drawn by repetition"]

1. d4 d6 2. e4 Nf6 3. Nc3 e5 4. Nf3 Nbd7 5. Bc4 Be7 6. a4 c6 7.
O-O O-O 8. h3 h6 9. Re1 Re8 10.
a5 Rb8 11. Ba2 b5 12. axb6 axb6 13. Be3 b5 14. b4 Qc7 15. Qd2 Nb6 16. Bxh6 gxh6 17.
Qxh6 Nc4 18. Ng5 exd4 19. e5 dxe5 20. Nce4 Bf5 21. Nxf6+ Bxf6 22. Qxf6 Bxc2 23. Bb1 Bxb1 24. Raxb1 Qe7 25. Qh6 f6 26. Ne4 Rf8 27. Rb3 Kf7 28.
Rg3 Rg8 29. Qh7+ Ke6 30. Nc5+ Kd6 31. Ne4+ Ke6 32. Nc5+ Kd6 33. Ne4+ Ke6 1/2-1/2

[Event "*** Titled Tuesday Blitz"]
[Site "Chess.com"]
[Date "2020.11.24"]
[Round "4"]
[White "Nikolakis2014"]
[Black "Grandelicious"]
[Result "0-1"]
[WhiteElo "2715"]
[BlackElo "2836"]
[TimeControl "180+1"]
[EndTime "10:54:23 PST"]
[Termination "Grandelicious won by resignation"]

1. Nf3 d5 2. d4 e6 3. c4 a6 4. e3 Nf6 5. b3 c5 6. Bb2 cxd4 7.
exd4 Nc6 8. Bd3 g6 9. O-O Bg7 10. Nbd2 O-O 11. Re1 b6 12. Rc1 Bb7 13. Qe2 dxc4 14.
bxc4 Nh5 15. Qe3 Ne7 16. Be4 Nf5 17. Qb3 Bxe4 18. Nxe4 b5 19. c5 Nf4 20. c6 Rc8 21. Ne5 Nxd4 22. Bxd4 Qxd4 23. Nd7 Rfd8 24. Rcd1 Qc4 25.
Qg3 Ne2+ 26. Rxe2 Qxe2 27. Qd6 Qxe4 28. c7 Re8 29. Nb6 Be5 0-1

[Event "*** Titled Tuesday Blitz"]
[Site "Chess.com"]
[Date "2020.11.24"]
[Round "4"]
[White "1977Ivan"]
[Black "AldokhinIvan"]
[Result "1-0"]
[WhiteElo "2668"]
[BlackElo "2487"]
[TimeControl "180+1"]
[EndTime "10:54:23 PST"]
[Termination "1977Ivan won by resignation"]

1. d4 Nf6 2. Nf3 g6 3. Nbd2 Bg7 4. e4 d6 5. Bb5+ c6 6. Bd3 O-O 7. O-O c5 8. d5 e6 9. c4 exd5 10. cxd5 Bg4 11. Re1 Nbd7 12. h3 Bxf3 13. Nxf3 Re8 14. Bf4 Qb6 15. Nd2 Nh5 16. Bh2 Ne5 17. Be2 Nf6 18. Bxe5 dxe5 19. Qc2 Rec8 20. Nc4 Qd8 21. a4 Ne8 22. d6 Nxd6 23. Red1 Rc6 24. Rd5 Qe7 25.
Rad1 Nxc4 26. Rd7 Ne3 27. Qb3 Qg5 28. Qxf7+ 1-0

[Event "*** Titled Tuesday Blitz"]
[Site "Chess.com"]
[Date "2020.11.24"]
[Round "4"]
[White "anon102030"]
[Black "Infernal_XaM"]
[Result "0-1"]
[WhiteElo "2718"]
[BlackElo "2840"]
[TimeControl "180+1"]
[EndTime "10:54:24 PST"]
[Termination "Infernal_XaM won by resignation"]

1. e4 e5 2. Nf3 Nc6 3. Bc4 Nf6 4. d3 Bc5 5. c3 O-O 6. O-O d6 7. b4 Bb6 8. a4 a6 9. Be3 Bxe3 10. fxe3 d5 11. exd5 Nxd5 12. Qe2 Be6 13. g3 Bh3 14. Rf2 h6 15. e4 Nf6 16. Nh4 Kh7 17.
Nd2 Ng4 18. Rxf7 Rxf7 19. Bxf7 Nd4 20. Qd1 Qg5 21. Nf1 Rf8 22. cxd4 Rxf7 23. Nf3 Qf6 24. N1d2 exd4 25. Qe2 Qd6 26. e5 Qd5 27. Rc1 Kg8 28.
Rc5 Qa2 29. e6 Re7 30. Nxd4 Qa1+ 31. Nf1 Qxd4+ 32. Kh1 Nf2+ 33. Kg1 Nxd3+ 34. Qe3 Qxe3+ 35. Nxe3 Nxc5 0-1

[Event "*** Titled Tuesday Blitz"]
[Site "Chess.com"]
[Date "2020.11.24"]
[Round "4"]
[White "eCztery"]
[Black "Fusikk"]
[Result "1-0"]
[WhiteElo "2356"]
[BlackElo "2505"]
[TimeControl "180+1"]
[EndTime "10:54:24 PST"]
[Termination "eCztery won by checkmate"]

1. e4 c6 2. Nc3 d5 3. Nf3 Bg4 4. h3 Bxf3 5. Qxf3 e6 6. d3 Nd7 7.
Bd2 Bc5 8. O-O-O Ngf6 9. Qg3 a5 10. Be2 a4 11. f4 b5 12. e5 d4 13. exf6 dxc3 14.
Bxc3 gxf6 15. Qg7 Rf8 16. Rhe1 b4 17. Bh5 Ke7 18. f5 e5 19. d4 bxc3 20. dxc5 cxb2+ 21. Kb1 Qc7 22. Rd6 Rad8 23. Red1 Qa5 24. Re6# 1-0

[Event "*** Titled Tuesday Blitz"]
[Site "Chess.com"]
[Date "2020.11.24"]
[Round "4"]
[White "bratkoo"]
[Black "Chernov_Mikhail"]
[Result "1-0"]
[WhiteElo "2504"]
[BlackElo "2326"]
[TimeControl "180+1"]
[EndTime "10:54:24 PST"]
[Termination "bratkoo won by resignation"]

1. e4 c5 2. Nf3 Nc6 3. d4 cxd4 4. Nxd4 Nf6 5. Nc3 d6 6. h3 e5 7. Nf3 Be7 8. Bc4 h6 9. O-O O-O 10. Qe2 Be6 11. Bb3 Rc8 12. Rd1 a6 13. Be3 Qa5 14.
Nh4 Rfd8 15. Ng6 Bxb3 16. axb3 Qc7 17. Nh4 Nxe4 18. Nd5 Qd7 19. Nb6 Qe6 20. Nxc8 Rxc8 21. Nf3 d5 22. c4 d4 23. Bxh6 Nxf2 24. Qxf2 Qxh6 25. Nd2 Bg5 26. Kh1 Be3 27. Qf5 Re8 28. Ne4 Re6 29. Rf1 Qg6 30. Nc5 Qxf5 31. Rxf5 Re7 32. g4 f6 33. Kg2 Nb4 34. Rd1 Nc2 35. Kf3 g6 36. Rxf6 Bg5 37. Rxg6+ Rg7 38. Rxg7+ Kxg7 39. Ke4 Bf4 40. Ne6+ Kf6 41. Nxf4 1-0

[Event "*** Titled Tuesday Blitz"]
[Site "Chess.com"]
[Date "2020.11.24"]
[Round "4"]
[White "sopo-tereladze"]
[Black "ZenBull"]
[Result "0-1"]
[WhiteElo "2297"]
[BlackElo "2125"]
[TimeControl "180+1"]
[EndTime "10:54:24 PST"]
[Termination "ZenBull won by resignation"]

1. d4 Nf6 2. Nf3 e6 3. Bg5 Be7 4. Bxf6 Bxf6 5. e4 d6 6. Bd3 O-O 7. O-O Nd7 8. Nbd2 b6 9. Re1 c5 10. e5 dxe5 11. dxe5 Be7 12. Ne4 Bb7 13. Qe2 h6 14.
Rad1 Qc7 15. Nd6 Rad8 16. Nxb7 Qxb7 17. h3 Nb8 18. Be4 Qc7 19. Nh2 Rxd1 20. Rxd1 Rd8 21.
Re1 Nd7 22. Ng4 Nf8 23. b3 Qd7 24. Bd3 Qc6 25. Qe3 Bg5 26. f4 Bh4 27. Rf1 Qd7 28. Kh2 Qd4 29. Qf3 Be7 30. Nxh6+ gxh6 31. Qg4+ Kh8 32. Qh5 Kg7 33. Rf3 Ng6 34. Qg4 Bg5 35. fxg5 Qxg4 36. gxh6+ Kxh6 37. hxg4 Nxe5 38. Re3 Nxg4+ 0-1

[Event "*** Titled Tuesday Blitz"]
[Site "Chess.com"]
[Date "2020.11.24"]
[Round "4"]
[White "maximnovik"]
[Black "Vuk2000"]
[Result "1-0"]
[WhiteElo "2525"]
[BlackElo "2731"]
[TimeControl "180+1"]
[EndTime "10:54:26 PST"]
[Termination "maximnovik won by checkmate"]

1. d4 Nf6 2. Bg5 d5 3. Bxf6 gxf6 4. e3 c5 5. c4 cxd4 6. exd4 dxc4 7. Bxc4 Nc6 8. Nf3 Bg7 9. O-O O-O 10. d5 Ne5 11. Nxe5 fxe5 12. Nc3 a6 13. Qh5 b5 14. Bb3 Qb6 15.
Rad1 a5 16. d6 exd6 17. Ne4 Qc7 18. Ng5 h6 19. Nxf7 Rxf7 20. Rxd6 a4 21. Bd5 Bb7 22. Bxf7+ Kf8 23. Rfd1 Qxf7 24. Qxf7+ Kxf7 25. Rd7+ Kf8 26. Rxb7 a3 27. bxa3 Rxa3 28. Rd8# 1-0

[Event "*** Titled Tuesday Blitz"]
[Site "Chess.com"]
[Date "2020.11.24"]
[Round "4"]
[White "pavelalexandru07"]
[Black "Angel_Hranitel_37"]
[Result "0-1"]
[WhiteElo "2298"]
[BlackElo "2484"]
[TimeControl "180+1"]
[EndTime "10:54:26 PST"]
[Termination "Angel_Hranitel_37 won by resignation"]

1. d4 Nf6 2. c4 g6 3. Nc3 Bg7 4. e4 d6 5. Be2 O-O 6. Be3 e5 7.
d5 Na6 8. g4 Nc5 9. f3 h5 10.
g5 Nh7 11. Qd2 f6 12. gxf6 Bxf6 13. O-O-O Bg5 14. b4 Na6 15. a3 Bxe3 16. Qxe3 Qg5 17. Qxg5 Nxg5 18. h4 Nh7 19. Nh3 Bxh3 20. Rxh3 Rf6 21.
Kd2 Nb8 22. Ke3 a5 23. c5 axb4 24. axb4 Ra3 25. Rd3 Na6 26. Nb5 Rxd3+ 27. Bxd3 dxc5 28. Nxc7 Nxc7 29. bxc5 Nf8 30. Rh1 Nd7 31. Rc1 Kf7 32. Bc4 Ke8 33. Ba2 Kd8 34. c6 bxc6 35. dxc6 Nb8 36. Bd5 Ke7 37. Rb1 Nxc6 38. Rb6 Kd7 39. Rb7 Nd4 40. Rb1 Rxf3+ 41. Kd2 Nxd5 42. exd5 Kd6 43.
Rb6+ Kxd5 44. Rxg6 Rf4 45. Rg5 Rxh4 46. Rg6 Nf3+ 47. Kc1 Nd4 48. Rf6 Ke4 49. Kb2 Rf4 0-1

[Event "*** Titled Tuesday Blitz"]
[Site "Chess.com"]
[Date "2020.11.24"]
[Round "4"]
[White "PawnEatingZombie"]
[Black "Eternauta2400"]
[Result "0-1"]
[WhiteElo "2261"]
[BlackElo "2454"]
[TimeControl "180+1"]
[EndTime "10:54:27 PST"]
[Termination "Eternauta2400 won on time"]

1. d4 Nf6 2. c4 c5 3. d5 b5 4. cxb5 a6 5. e3 g6 6. Nc3 Bg7 7. a4 O-O 8. Nf3 d6 9. e4 axb5 10. Bxb5 Ba6 11. Qc2 Bxb5 12. Nxb5 Qa5+ 13. Bd2 Qxb5 14.
axb5 Rxa1+ 15. Bc1 Nxe4 16. O-O Nf6 17. Rd1 Nbd7 18.
Qe2 Re8 19. Ng5 Nb6 20. h4 h6 21. Ne4 Nxe4 22. Qxe4 Bxb2 23. Qc2 Rxc1 24. Rxc1 Bxc1 25. Qxc1 Nxd5 26. Qxh6 Rb8 27. h5 gxh5 28. Qxh5 e6 29. Qg5+ Kf8 30. Qh6+ Ke7 31. g4 Rxb5 32. g5 Rb1+ 33. Kh2 Rb2 34. g6 Rxf2+ 35. Kg3 Rf6 36. Qg5 fxg6 37. Kh2 Kf7 38. Qh6 Rf5 39. Qh7+ Kf6 40.
Qd7 Ke5 41. Qg7+ Rf6 0-1

[Event "*** Titled Tuesday Blitz"]
[Site "Chess.com"]
[Date "2020.11.24"]
[Round "4"]
[White "vugarrasulov"]
[Black "UCantHandleDenker"]
[Result "1-0"]
[WhiteElo "2868"]
[BlackElo "2523"]
[TimeControl "180+1"]
[EndTime "10:54:28 PST"]
[Termination "vugarrasulov won by resignation"]

1. g4 g6 2. Bg2 Bg7 3. d4 d6 4. g5 h5 5. c4 c5 6. dxc5 Qa5+ 7. Bd2 Qxc5 8. Nc3 Nc6 9. Rc1 Qb6 10.
Nf3 h4 11. h3 Be6 12. b3 Nd4 13. Nxd4 Bxd4 14. O-O f6 15. b4 fxg5 16. c5 dxc5 17. bxc5 Qa6 18. Ne4 Rd8 19. c6 bxc6 20. Rxc6 Qxa2 21.
Nxg5 Bd5 22. Rc2 Qb3 23. Qb1 Qxb1 24. Rxb1 Bxg2 25. Kxg2 Nf6 26. Ne6 Bb6 27. Nxd8 Kxd8 28. Ba5 Nd7 29. Bxb6+ axb6 30. Ra2 Kc7 31. Ra7+ Kc6 32.
Rc1+ Nc5 33. Rxe7 Rg8 34. Rh7 g5 35. Rh6+ Kb7 36. Rb1 Nd7 37. e4 Rg7 38. Rb5 g4 39.
hxg4 Rxg4+ 40. Kf3 Rg7 41. Rxh4 Rf7+ 42. Ke3 Kc6 43. Rb1 Nc5 44. Rh6+ 1-0

[Event "*** Titled Tuesday Blitz"]
[Site "Chess.com"]
[Date "2020.11.24"]
[Round "4"]
[White "Kotofeyca"]
[Black "wisdomboy"]
[Result "1-0"]
[WhiteElo "2414"]
[BlackElo "2155"]
[TimeControl "180+1"]
[EndTime "10:54:28 PST"]
[Termination "Kotofeyca won by resignation"]

1. d4 Nf6 2. c4 g6 3. f3 d5 4.
cxd5 Nxd5 5. e4 Nb6 6. Nc3 Bg7 7.
Be3 O-O 8. Qd2 Nc6 9. O-O-O e5 10. d5 Nd4 11. Nb5 c5 12. dxc6 Nxc6 13. Qxd8 Rxd8 14. Rxd8+ Nxd8 15. Nxa7 Nd7 16. Kb1 Ne6 17. Ne2 b6 18.
Nxc8 Rxc8 19. Nc3 Nd4 20. Bd3 Nc5 21. Rd1 f5 22. Nd5 Rb8 23. Bxd4 exd4 24. exf5 Nxd3 25. Rxd3 gxf5 26. Ne7+ Kf7 27. Nxf5 Rd8 28. Nxg7 Kxg7 29. Kc2 Kf6 30. Kb3 Ke5 31. a4 Rc8 32. g3 Rc5 33. Rd2 Kd5 34. Rc2 Ra5 35. Rc7 Rc5 36. Rxc5+ bxc5 37. a5 c4+ 38. Kc2 Kc5 39. f4 Kb5 40. f5 d3+ 41. Kc3 Kc5 42. f6 Kd6 43. a6 1-0

[Event "*** Titled Tuesday Blitz"]
[Site "Chess.com"]
[Date "2020.11.24"]
[Round "4"]
[White "SlavenPastar"]
[Black "Bulldog167"]
[Result "1-0"]
[WhiteElo "2488"]
[BlackElo "2628"]
[TimeControl "180+1"]
[EndTime "10:54:29 PST"]
[Termination "SlavenPastar won by resignation"]

1. d4 Nf6 2. c4 c5 3. Nf3 e6 4. d5 exd5 5. cxd5 d6 6. Nc3 g6 7.
Bg5 h6 8. Bh4 a6 9. a4 Bg7 10. e3 g5 11. Bg3 Nh5 12. Bd3 Nxg3 13. hxg3 Nd7 14. Qc2 Ne5 15. Bf5 Nxf3+ 16. gxf3 h5 17. f4 Bxc3+ 18. Qxc3 f6 19. Bxc8 Rxc8 20. fxg5 Kf7 21. gxf6 Qxf6 22. Rh4 Qxc3+ 23. bxc3 Kg6 24. Rb1 Rh7 25. Rb6 Rd7 26. Re4 Rf8 27. Re6+ Rf6 28. Re8 Kf5 29. Ke2 Kg6 30. f4 Kf7 31. Rb8 Rg6 32.
Kf3 Kf6 33. R8xb7 Rd8 34. e4 Rh6 35. Ra7 h4 36. g4 Rhh8 37. g5+ Kg6 38. Kg4 1-0

[Event "*** Titled Tuesday Blitz"]
[Site "Chess.com"]
[Date "2020.11.24"]
[Round "4"]
[White "HaryKane"]
[Black "sasko1234"]
[Result "0-1"]
[WhiteElo "2591"]
[BlackElo "2456"]
[TimeControl "180+1"]
[EndTime "10:54:31 PST"]
[Termination "sasko1234 won by resignation"]

1. e4 c6 2. d4 Na6 3. c4 Nc7 4. Nc3 d5 5. Be3 dxe4 6. Nxe4 Nf6 7. Nxf6+ exf6 8. Bd3 g6 9. Qc2 Bb4+ 10. Kf1 O-O 11. h4 h5 12. Bxg6 fxg6 13. Qxg6+ Kh8 14. Qxh5+ Kg8 15.
Bh6 Qe8 16. Qf3 Rf7 17. Nh3 Re7 18. Be3 Qg6 19. Nf4 Qg4 20. a3 Bd6 21. Nh5 Qxf3 22.
gxf3 Rf7 23. Rg1+ Kh7 24. Ke2 Be6 25. b3 Re8 26. Rg2 Rg8 27. Rxg8 Kxg8 28. Rg1+ Kh7 29. Nf4 Bf5 30. b4 Bxf4 31. Bxf4 Ne6 32. Be3 Rd7 33. Rd1 Bg6 34. d5 cxd5 35. cxd5 Nc7 36. d6 Nb5 37. a4 Nc3+ 38. Ke1 Nxd1 39. Kxd1 Rxd6+ 40. Kc1 a6 41. Kb2 b5 42. a5 Rd3 0-1

[Event "*** Titled Tuesday Blitz"]
[Site "Chess.com"]
[Date "2020.11.24"]
[Round "4"]
[White "Azerichess"]
[Black "Zkid"]
[Result "1-0"]
[WhiteElo "2969"]
[BlackElo "2793"]
[TimeControl "180+1"]
[EndTime "10:54:32 PST"]
[Termination "Azerichess won by resignation"]

1. d4 d5 2. c4 dxc4 3. e3 Nf6 4.
Bxc4 e6 5. Nf3 c5 6. O-O Nc6 7. Qe2 Be7 8. Rd1 Qc7 9. dxc5 O-O 10. b3 Bxc5 11. Bb2 Qe7 12. h3 a6 13. Nbd2 Ba3 14.
Bxa3 Qxa3 15. Bd3 Qe7 16. Ne4 Nxe4 17. Bxe4 h6 18. Bxc6 bxc6 19. Rac1 Bb7 20. Qc4 Rfd8 21. Ne5 Rxd1+ 22. Rxd1 Rd8 23. Rd4 Qc7 24. b4 Rxd4 25. exd4 a5 26. b5 c5 27. Qxc5 Qd8 28. Nc6 Qh4 29. Qb6 Qf4 30. g3 Qe4 31. Qxb7 Qe1+ 32. Kg2 Qe4+ 33. Kh2 1-0

[Event "*** Titled Tuesday Blitz"]
[Site "Chess.com"]
[Date "2020.11.24"]
[Round "4"]
[White "PavelShkapenko"]
[Black "SaqoChess_Twitch"]
[Result "0-1"]
[WhiteElo "2678"]
[BlackElo "2518"]
[TimeControl "180+1"]
[EndTime "10:54:32 PST"]
[Termination "SaqoChess_Twitch won by resignation"]

1. e4 c5 2. c3 d5 3. exd5 Qxd5 4. Nf3 e6 5. d4 Nf6 6. Be2 Be7 7. O-O O-O 8. c4 Qd6 9. dxc5 Qxd1 10. Rxd1 Bxc5 11. Nc3 Bd7 12. a3 a5 13. Ne5 Bc6 14.
Bg5 h6 15. Bxf6 gxf6 16. Nxc6 Nxc6 17. Rd7 b6 18. Ne4 Kg7 19. Rad1 Ne5 20. Rc7 Rac8 21. Rxc8 Rxc8 22. Nxc5 bxc5 23. Rd2 Nc6 24. Bd1 Nd4 25. b4 axb4 26. axb4 e5 27. b5 Ra8 28. g3 Ra1 29. Kg2 Rc1 30. Be2 Rb1 31. Bf1 f5 32. Ra2 e4 33.
Rd2 Kf6 34. Ra2 Ke5 35. Rd2 f4 36. gxf4+ Kxf4 37. Ra2 f5 38. Rd2 h5 39. Ra2 h4 40.
h3 Ke5 41. Ra5 Rb2 42. b6 e3 43. Rxc5+ Kf4 44. Rd5 Rxf2+ 45. Kh1 Rxf1+ 46. Kg2 Rf2+ 47. Kh1 Nf3 0-1

[Event "*** Titled Tuesday Blitz"]
[Site "Chess.com"]
[Date "2020.11.24"]
[Round "4"]
[White "politeplayer"]
[Black "AIROPITO7"]
[Result "1-0"]
[WhiteElo "2241"]
[BlackElo "2560"]
[TimeControl "180+1"]
[EndTime "10:54:34 PST"]
[Termination "politeplayer won by resignation"]

1. e4 c5 2. d4 cxd4 3. c3 Nf6 4. e5 Nd5 5. Nf3 Nc6 6. Bc4 Nb6 7. Bb3 d6 8. exd6 Qxd6 9. Na3 dxc3 10. Qe2 e6 11.
O-O Be7 12. Nb5 Qb8 13. g3 cxb2 14. Qxb2 Bf6 15. Qa3 Be7 16. Qb2 Bf6 17. Qa3 Bxa1 18. Bf4 e5 19. Nd6+ Kd7 20. Rd1 Bd4 21. Nxd4 exd4 22. Nxf7 Qxf4 23. gxf4 Rg8 24. Ne5+ Kc7 25. Bxg8 Bg4 26. Nxg4 Rxg8 27. Ne5 Re8 1-0

[Event "*** Titled Tuesday Blitz"]
[Site "Chess.com"]
[Date "2020.11.24"]
[Round "4"]
[White "KetiGrant"]
[Black "BlackGod93"]
[Result "0-1"]
[WhiteElo "2404"]
[BlackElo "2212"]
[TimeControl "180+1"]
[EndTime "10:54:38 PST"]
[Termination "BlackGod93 won on time"]

1. e4 e5 2. Nf3 Nc6 3. Bb5 a6 4.
Ba4 Nf6 5. O-O Nxe4 6. d4 b5 7. Bb3 d5 8. dxe5 Be6 9. a4 b4 10. a5 Bc5 11. Ba4 Qd7 12. c3 Rb8 13. Nd4 Bxd4 14. cxd4 b3 15. f3 O-O 16. fxe4 dxe4 17. Be3 Rb4 18. Nc3 Bd5 19. Rc1 Rxa4 20. Nxa4 Nxa5 21.
Nc5 Qe7 22. Qe2 Nc6 23. Qd2 a5 24. Bg5 f6 25. exf6 gxf6 26. Bh6 Rd8 27. Qe3 Nb4 28.
Rf5 Nc2 29. Qg3+ Kh8 30. Rcf1 Nxd4 31. R5f2 Rg8 32. Qh4 Nf3+ 33. Rxf3 exf3 34. g3 Qxc5+ 35. Rf2 Qe7 36. Bd2 a4 37. Bc3 Rg6 38. Qd4 Qe4 0-1

[Event "*** Titled Tuesday Blitz"]
[Site "Chess.com"]
[Date "2020.11.24"]
[Round "4"]
[White "ChainsOfFantasia"]
[Black "annamaja"]
[Result "1-0"]
[WhiteElo "2480"]
[BlackElo "2296"]
[TimeControl "180+1"]
[EndTime "10:54:39 PST"]
[Termination "ChainsOfFantasia won on time"]

1. d4 d5 2. Nf3 Nf6 3. c4 c6 4. Nc3 e6 5. e3 Bd6 6. Qc2 O-O 7.
Bd3 Nbd7 8. O-O dxc4 9. Bxc4 b5 10. Be2 Bb7 11. e4 e5 12. dxe5 Nxe5 13. Nd4 Qb6 14.
Nf5 Bc5 15. Bg5 Ned7 16. a4 a6 17. a5 Qa7 18. e5 Nxe5 19. Bxf6 gxf6 20. Ne4 Bd4 21.
Nxf6+ Kh8 22. Nxd4 Kg7 23. Nh5+ Kh8 24. Qf5 f6 25. Nxf6 Bc8 26. Qxh7+ Qxh7 27. Nxh7 Kxh7 28. Rac1 Bd7 29. f4 Ng6 30. Bd3 Kg7 31. Bxg6 Kxg6 32. Nxc6 Be6 33. f5+ Bxf5 34. Ne7+ Kg5 35. Rc5 Rae8 36.
Rcxf5+ Rxf5 37. Rxf5+ Kg4 38. h3+ Kg3 39. Rf3+ Kh4 40.
Nf5+ Kg5 41. Kh2 Re2 42. b3 Ra2 43. Nd4 Rxa5 44. Kg3 Ra2 45. h4+ Kg6 46. Kh3 Rd2 47. Nc6 Rd6 48. Ne5+ Kg7 49. g4 1-0

[Event "*** Titled Tuesday Blitz"]
[Site "Chess.com"]
[Date "2020.11.24"]
[Round "4"]
[White "kanzaww"]
[Black "Algeriano22"]
[Result "0-1"]
[WhiteElo "2466"]
[BlackElo "2618"]
[TimeControl "180+1"]
[EndTime "10:54:40 PST"]
[Termination "Algeriano22 won by resignation"]

1. e4 e5 2. Nf3 Nc6 3. Bb5 a6 4. Ba4 d6 5. O-O Bd7 6. c3 Nf6 7. Re1 g6 8. d4 Bg7 9. d5 Nb8 10. c4 O-O 11. Nc3 a5 12. Bxd7 Nbxd7 13. h3 Nh5 14.
Rb1 Nf4 15. Na4 b6 16. a3 f5 17. b4 axb4 18. axb4 fxe4 19. Rxe4 Qf6 20. Nh2 Qf5 21.
Nc3 Nf6 22. Re3 g5 23. Ng4 Nd7 24. Re1 h5 25. Ne3 Qg6 26. Rf1 e4 27. Ne2 Ne5 28. Nd4 g4 29. hxg4 hxg4 30. Rb3 Nf3+ 31. gxf3 gxf3+ 32. Kh2 Qh5+ 33. Kg1 Nh3+ 34. Kh2 0-1

[Event "*** Titled Tuesday Blitz"]
[Site "Chess.com"]
[Date "2020.11.24"]
[Round "4"]
[White "beto-betun"]
[Black "bazar-wokzal"]
[Result "0-1"]
[WhiteElo "2191"]
[BlackElo "2520"]
[TimeControl "180+1"]
[EndTime "10:54:41 PST"]
[Termination "bazar-wokzal won by resignation"]

1. d4 Nf6 2. Nf3 e6 3. g3 b5 4.
Bg2 Bb7 5. O-O c5 6. c4 bxc4 7.
Qc2 d5 8. b3 cxb3 9. Qxb3 Qb6 10. Bf4 Nc6 11. Nbd2 cxd4 12. Qxb6 axb6 13. Nb3 Bc5 14.
Rfc1 Nd7 15. Nxc5 bxc5 16. Bd6 c4 17. Rcb1 Ba6 18. Nd2 f6 19. e4 dxe3 20. fxe3 Kf7 21. e4 d4 22. Bf1 Nde5 23. Rb6 Rhc8 24. Rab1 d3 25. a4 c3 26. Nb3 Nf3+ 27. Kf2 c2 28.
Rb2 Ncd4 29. Nxd4 Nxd4 30. Rb7+ Bxb7 31. Rxb7+ Kg6 32. Ba3 c1=Q 33. Bxc1 Rxc1 34. Bxd3 Rxa4 35. e5+ f5 36. Kg2 Ra2+ 37. Kh3 Rh1 0-1

[Event "*** Titled Tuesday Blitz"]
[Site "Chess.com"]
[Date "2020.11.24"]
[Round "4"]
[White "Vi_Los"]
[Black "DenishevM"]
[Result "0-1"]
[WhiteElo "2351"]
[BlackElo "2594"]
[TimeControl "180+1"]
[EndTime "10:54:42 PST"]
[Termination "DenishevM won by resignation"]

1. e4 g6 2. d4 Bg7 3. Nc3 d6 4. f4 a6 5. Nf3 b5 6. Bd3 Nd7 7. e5 Nb6 8. Ne4 Nh6 9. c3 O-O 10. O-O Bb7 11. Neg5 e6 12. Qe2 Qe7 13. Be3 Nd5 14.
Bd2 c5 15. Ne4 dxe5 16. fxe5 cxd4 17. cxd4 Nb4 18. Bb1 Bxe4 19. Bxe4 Rac8 20. Bg5 Qd7 21. a3 Nd5 22. Rfd1 Rc6 23. Nd2 Rfc8 24. Nb3 Bf8 25. Qf3 Nf5 26. Bxf5 exf5 27. Rac1 Rxc1 28. Rxc1 Rc4 29.
Qd3 Nb6 30. Be3 Qd5 31. Nd2 0-1

[Event "*** Titled Tuesday Blitz"]
[Site "Chess.com"]
[Date "2020.11.24"]
[Round "4"]
[White "Mazetovic"]
[Black "kuban1991"]
[Result "1-0"]
[WhiteElo "2779"]
[BlackElo "2888"]
[TimeControl "180+1"]
[EndTime "10:54:44 PST"]
[Termination "Mazetovic won by resignation"]

1. e4 e6 2. d4 d5 3. Nc3 Bb4 4. e5 c5 5. a3 Bxc3+ 6. bxc3 Nc6 7. h4 Bd7 8. h5 Qa5 9. Bd2 O-O-O 10. Nf3 c4 11. a4 f6 12. Qb1 fxe5 13. Nxe5 Nxe5 14. dxe5 Ne7 15. Qb4 Qxb4 16. cxb4 Nc6 17. f4 Nd4 18. Ra2 Rhf8 19. c3 Nf5 20. Kf2 h6 21. g4 Ne7 22.
Be3 b6 23. Kg3 Bc6 24. Bd4 Kc7 25. Bh3 a5 26. b5 Bd7 27. Rf1 Rf7 28. Raf2 Rdf8 29.
Bg2 Bc8 30. Bf3 Rg8 31. Bd1 Bd7 32. Bc2 g6 33. hxg6 Nxg6 34. Rh1 Rfg7 35. Rxh6 Ne7 36. g5 Rf7 37. Rfh2 Nf5+ 38. Bxf5 Rxf5 39. Rf6 Rg7 40.
Rxf5 exf5 41. e6 1-0

[Event "*** Titled Tuesday Blitz"]
[Site "Chess.com"]
[Date "2020.11.24"]
[Round "4"]
[White "platy3"]
[Black "WPWPWP-2015"]
[Result "1-0"]
[WhiteElo "2842"]
[BlackElo "2521"]
[TimeControl "180+1"]
[EndTime "10:54:44 PST"]
[Termination "platy3 won by checkmate"]

1. e4 c5 2. Nf3 d6 3. d4 cxd4 4. Qxd4 Nc6 5. Qe3 f5 6. Nc3 e5 7.
Bc4 f4 8. Qe2 Bg4 9. Qd3 Bxf3 10. Qxf3 Nd4 11. Qd3 Rc8 12. Bd5 b5 13. Bb3 Nf6 14.
Nxb5 Qa5+ 15. Nc3 Nxb3 16. cxb3 Be7 17. O-O O-O 18. Bd2 Qc5 19. Rac1 Qd4 20. Qxd4 exd4 21. Nd5 Nxd5 22. exd5 f3 23. Rc6 Rce8 24. gxf3 Rf5 25. Re1 Rxd5 26. Rc7 Kf8 27. Rxa7 Rc5 28. Bf4 Rd5 29. a4 d3 30. a5 Bf6 31. Rxe8+ Kxe8 32. Bd2 Bxb2 33. a6 Bd4 34. Rb7 Rc5 35. a7 Rc2 36.
a8=Q+ Rc8 37. Qxc8# 1-0

[Event "*** Titled Tuesday Blitz"]
[Site "Chess.com"]
[Date "2020.11.24"]
[Round "4"]
[White "rasmussvane"]
[Black "Grieve72"]
[Result "1-0"]
[WhiteElo "2881"]
[BlackElo "2414"]
[TimeControl "180+1"]
[EndTime "10:54:44 PST"]
[Termination "rasmussvane won by checkmate"]

1. Nf3 f5 2. d3 Nc6 3. e4 e5 4. d4 exd4 5. exf5 d5 6. Nxd4 Nxd4 7. Qxd4 Bxf5 8. Nc3 c6 9. g4 Bxc2 10. Bg2 Qf6 11. Qd2 Qe6+ 12. Ne2 Be4 13. f3 Bg6 14. O-O Bc5+ 15. Kh1 Ne7 16. b4 Bb6 17. Bb2 O-O 18. Rae1 Qf7 19. Ng3 Rae8 20. f4 Be4 21. Nxe4 dxe4 22.
Bxe4 Nd5 23. Qd3 Nxf4 24. Bxh7+ Kh8 25. Rxe8 Qxe8 26. Qc2 Nh3 27. Bf5 Qe3 28. Qg2 Nf2+ 29. Rxf2 Qxf2 30. Qh3+ Kg8 31. Qh7+ Kf7 32. Qxg7+ Ke8 33.
Qd7# 1-0

[Event "*** Titled Tuesday Blitz"]
[Site "Chess.com"]
[Date "2020.11.24"]
[Round "4"]
[White "Zarinur"]
[Black "Fh2411"]
[Result "0-1"]
[WhiteElo "2229"]
[BlackElo "2540"]
[TimeControl "180+1"]
[EndTime "10:54:45 PST"]
[Termination "Fh2411 won by checkmate"]

1. e4 c5 2. Nf3 e6 3. g3 b6 4.
Bg2 Bb7 5. Qe2 d5 6. exd5 Bxd5 7. O-O Nf6 8. Rd1 Nc6 9. d4 c4 10. Nc3 Be7 11. Nxd5 exd5 12. Bg5 O-O 13. Ne5 Rc8 14. c3 h6 15. Bxf6 Bxf6 16. Nxc6 Rxc6 17. Qf3 Rd6 18.
Re1 b5 19. a3 a5 20. Re2 Qb8 21. Qf5 Rfd8 22. Rae1 g6 23. Qf4 Kg7 24. h4 h5 25.
Kh1 b4 26. axb4 axb4 27. Qd2 bxc3 28. bxc3 Rb6 29. Qc2 Rb3 30. Re3 Rb2 31. Qc1 Rxf2 32. Qa3 Qb3 33. Qc5 Qc2 34. Bxd5 Rh2+ 35. Kg1 Qf2# 0-1

[Event "*** Titled Tuesday Blitz"]
[Site "Chess.com"]
[Date "2020.11.24"]
[Round "4"]
[White "RamyresCoelho"]
[Black "Loy_Konstantin"]
[Result "0-1"]
[WhiteElo "2094"]
[BlackElo "2395"]
[TimeControl "180+1"]
[EndTime "10:54:46 PST"]
[Termination "Loy_Konstantin won on time"]

1. e4 c5 2. Nf3 d6 3. d4 cxd4 4. Nxd4 Nf6 5. Nc3 g6 6. f4 Nc6 7. Nxc6 bxc6 8. e5 Nd7 9. exd6 exd6 10. Qd4 Nf6 11. Be2 Be7 12. Be3 O-O 13. O-O d5 14.
Na4 Bf5 15. Bd3 Ne4 16. Rad1 c5 17. Qe5 Bf6 18. Bxe4 Bxe5 19. Rxd5 Qa5 20. Nxc5 Bxe4 21. Rxe5 Bxc2 22. Nd7 Qa6 23. Bd4 Rfd8 24. Rfe1 Qd6 25. Nf8 Rxf8 0-1